 Dungeon Crawl Stone Soup version 0.30-a0-808-g6e0788376e (webtiles) character file.

Game seed: 17646289831995615822

8208 Nacht the Covert (level 11, -7/81 HPs)
             Began as a Naga Earth Elementalist on Feb 27, 2023.
             Was an Elder of Kikubaaqudgha.
             Shot with an arrow by a deep elf archer (21 damage)
             ... on level 9 of the Dungeon.
             The game lasted 00:16:34 (8260 turns).

Nacht the Covert (Naga Earth Elementalist)          Turns: 8260, Time: 00:16:34

Health: -7/81      AC: 14    Str:  8    XL:     11   Next: 27%
Magic:  23/23      EV: 14    Int: 19    God:    Kikubaaqudgha [****..]
Gold:   564        SH:  0    Dex: 15    Spells: 8/27 levels left

rFire   + + +      SeeInvis +    s - +0 dagger (flame)
rCold   . . .      Faith    .    (no shield)
rNeg    . . .      Spirit   .    m - +1 leather armour {Will+}
rPois   +          Reflect  .    i - +0 helmet
rElec   .          Harm     .    H - +0 cloak
rCorr   .          Rampage  .    x - +1 pair of gloves
Will    ++...                    (no barding)
Stlth   +++++                    d - amulet of magic regeneration
HPRegen 0.33/turn                k - +4 ring of protection
MPRegen 0.58/turn                l - ring of Pyod {rF+++ EV+5 Str-4 Dex+4}

@: very slow
A: AC +3, large, see invisible, deformed body, poison resistance, slowness 2,
spit poison 1, naga tail 1
a: Spit Poison, Renounce Religion, Unearth Wretches


You were on level 9 of the Dungeon.
You worshipped Kikubaaqudgha.
Kikubaaqudgha was greatly pleased with you.
You visited 2 branches of the dungeon, and saw 10 of its levels.

You collected 564 gold pieces.

Inventory:

Hand Weapons
 s - a +0 dagger of flaming (weapon)
Missiles
 g - 56 poisoned darts (quivered)
 K - 2 throwing nets
Armour
 i - a +0 helmet (worn)
 m - a +1 leather armour of willpower (worn)
 x - a +1 pair of gloves (worn)
 H - a +0 cloak (worn)
Jewellery
 d - an amulet of magic regeneration (around neck)
 k - a +4 ring of protection (left hand)
 l - the ring of Pyod (right hand) {rF+++ EV+5 Str-4 Dex+4}
   (You found it on level 2 of the Dungeon)

   [ring of evasion]

   EV:        It affects your evasion (+5).
   Str:       It affects your strength (-4).
   Dex:       It affects your dexterity (+4).
   rF:        It renders you almost immune to fire.
 n - a ring of resist corrosion
 q - a ring of ice
 A - a +6 ring of strength
 J - an amulet of faith
Wands
 a - a wand of charming (4)
 u - a wand of flame (10)
 y - a wand of light (10)
 E - a wand of roots (11)
Scrolls
 c - a scroll of immolation {unknown}
 f - a scroll of enchant armour
 h - a scroll of torment
 j - 3 scrolls of teleportation {unknown}
 o - 3 scrolls of blinking {unknown}
 p - a scroll of silence
 t - 2 scrolls of poison {unknown}
 v - a scroll of amnesia
 C - 2 scrolls of fog
 D - 2 scrolls of noise {unknown}
Potions
 b - 5 potions of magic
 e - 2 potions of flight
 r - a potion of resistance
 w - 2 potions of degeneration
 B - 4 potions of curing
 F - a potion of lignification
 I - a potion of haste
 L - a potion of mutation


   Skills:
 - Level 1.5 Dodging
 + Level 12.3 Stealth
 * Level 8.7 Spellcasting
 * Level 9.1 Necromancy
 - Level 1.0 Transmutations
 - Level 5.2 Ice Magic
 - Level 7.0 Earth Magic


You had 8 spell levels left.
You knew the following spells:

 Your Spells              Type           Power      Damage    Failure   Level
a - Borgnjor's Vile Clut  Necr/Erth      19%        N/A       12%         5
b - Stone Arrow           Conj/Erth      42%        3d9       9%          3
c - Sandblast             Erth           68%        2d15      1%          1
k - Blink                 Tloc           16%        N/A       19%         2
s - Anguish               Hex/Necr       12%        N/A       19%         4
t - Sublimation of Blood  Necr           43%        N/A       1%          2
w - Passwall              Tmut/Erth      19%        N/A       3%          2

Your spell library contained the following spells:

 Spells                   Type           Power      Damage    Failure   Level
 Necrotise                Necr           100%       1d9       1%          1
 Animate Dead             Necr           43%        N/A       2%          4
 Dispel Undead            Necr           43%        3d17      2%          4
 Cigotuvi's Dreadful Rot  Necr/Pois/Air  38%        N/A       5%          2
 Agony                    Necr           43%        N/A       8%          5
 Hailstorm                Conj/Ice       18%        3d6       13%         3
 Lesser Beckoning         Tloc           16%        N/A       19%         2
 Momentum Strike          Conj/Tloc      16%        3d8       19%         2
 Petrify                  Tmut/Erth      23%        N/A       24%         4
 Ice Form                 Ice/Tmut       20%        N/A       34%         4
 Simulacrum               Ice/Necr       17%        N/A       69%         6
 Fireball                 Conj/Fire      4%         3d4       98%         5
 Iskenderun's Battlesphe  Conj           8%         2d6       98%         5
 Conjure Ball Lightning   Conj/Air       4%         3x3d6     100%        6
 Orb of Destruction       Conj           4%         9d5       100%        7


Dungeon Overview and Level Annotations

Branches:
Dungeon (9/15)             Temple (1/1) D:4            Lair (0/5) D:9
    Orc: D:9-12

Altars:
Ashenzari
Cheibriados
Dithmenos
Elyvilon
Fedhas
Gozag
Hepliaklqana
Kikubaaqudgha
Makhleb
Nemelex Xobeh
Okawaru
Qazlal
Ru
Sif Muna
Trog
Uskayaw
Vehumet
Wu Jian
Xom
Yredelemnul
Zin
The Shining One

Shops:
D:9 *

Annotations:
D:9 3 runed translucent doors, exclusion: obsidian statue, NinjaNoafa's ghost, novice DrCj


Innate Abilities, Weirdness & Mutations

Your serpentine skin is tough. (AC +3)
You have supernaturally acute eyesight. (SInv)
Armour fits poorly on your strangely shaped body.
Your system is resistant to poisons. (rPois)
You cover ground very slowly.
You can spit poison.
You have a snake-like lower body.


Message History

The zombie hands constrict the raiju!
The snapping turtle escapes!
The raiju struggles to escape constriction.
There is an open door here.
The zombie hands lose their grip on something.
There is an open door here.
Casting: Borgnjor's Vile Clutch (dangerous; 13% risk of failure)
Confirm with . or Enter, or press ? or * to list all spells.
Aiming: Borgnjor's Vile Clutch (dangerous; 13% risk of failure)
Press: ? - help, Shift-Dir - straight line, f - deep elf archer, p - raiju
Aim: a deep elf archer, wielding a +0 dagger and wearing a +0 leather armour (repelling missiles, 100% to hit)
Zombie hands grab the snapping turtle.
Zombie hands grab the raiju.
Zombie hands grab the deep elf archer.
The zombie hands constrict the snapping turtle.
The zombie hands constrict the deep elf archer.
The zombie hands constrict the raiju.
The deep elf archer escapes!
The snapping turtle barely misses you.
The raiju struggles to escape constriction.
The zombie hands constrict the snapping turtle!
You kill the snapping turtle!
Kikubaaqudgha accepts your kill.
The zombie hands constrict the raiju!
You kill the raiju!
Kikubaaqudgha accepts your kill.
Kikubaaqudgha is now protecting you from unholy torment.
The deep elf archer unwields a +0 dagger.
The deep elf archer wields a +0 shortbow.
The deep elf archer shoots an arrow.
The arrow hits you!
The deep elf archer shoots an arrow.
The arrow hits you.
Casting: Borgnjor's Vile Clutch (dangerous; 12% risk of failure)
Confirm with . or Enter, or press ? or * to list all spells.
You don't have enough magic to cast this spell.
The deep elf archer shoots an arrow.
The arrow hits you!!
* * * LOW HITPOINT WARNING * * *
The deep elf archer casts a spell at you.
You resist with almost no effort.
You see here a shapeshifter corpse.
Magic courses through your body.
The deep elf archer shoots an arrow.
The arrow hits you!!
You die...
Kikubaaqudgha rasps: "You have failed me!
Welcome... death!"

#...###..†#.#................
#...h.##..'.##..#####..#####.
#...)..##.#e.#..# #..# #.
#######.###..#..# #..# #.
..##..##.# #.)# #.
..##.(.#.#####..#####.
.N.#...#..............
.h.#...#..............
...#.@.#)#####........
#####'##.# #........
#........# #........
#........# #........
#........# #....(...
########## #########


You could see a deep elf archer (repels missiles).

Vanquished Creatures
  A boulder beetle (D:9)
  A two-headed ogre (D:9)
  A cyclops (D:9)
  A gargoyle (D:9)
  A raiju (shapeshifter) (D:9)
  A snapping turtle (shapeshifter) (D:9)
  A vampire (D:9)
  2 wyverns
  6 yaks (D:9)
  A hog (shapeshifter) (D:9)
  3 vampire mosquitoes (D:8)
  A basilisk (D:9)
  An acid dragon (D:7)
  A water moccasin (D:7)
  Duvessa (D:7)
  An orc warrior (D:9)
  2 ice beasts
  4 black bears
  A centaur (D:6)
  A phantom (D:6)
  7 kobold brigands
  2 necrophages (D:5)
  3 bullfrogs
  2 scorpions (D:4)
  7 wights
  Dowan (D:7)
  3 killer bees (D:7)
  3 howler monkeys (D:9)
  3 electric eels (D:7)
  A crimson imp (D:5)
  8 orc priests
  2 gnoll boudas
  A hound (D:5)
  2 jellies
  Jessica (D:3)
  2 iguanas (D:7)
  Natasha (thrice) (D:3)
  15 orc wizards
  2 centaur simulacra (D:9)
  4 gnolls
  5 adders
  A shadow imp (D:7)
  2 white imps (D:7)
  2 ufetubi
  A worm (D:3)
  3 dart slugs
  39 orcs
  4 ball pythons
  5 endoplasms
  7 giant cockroaches
  8 hobgoblins
  10 jackals
  39 kobolds
  2 quokkas (D:1)
  5 bats
  2 frilled lizards
  9 goblins
  A rat (D:3)
249 creatures vanquished.

Vanquished Creatures (others)
  A fungus (D:9)
  20 plants
21 creatures vanquished.

Grand Total: 270 creatures vanquished

Notes
Turn   | Place    | Note
-------+----------+-------------------------------------------
     0 | D:1      | Nacht the Naga Earth Elementalist began the quest for the
                  | Orb.
     0 | D:1      | Reached XP level 1. HP: 15/15 MP: 3/3
   119 | D:1      | Reached XP level 2. HP: 22/22 MP: 3/5
   319 | D:1      | Reached XP level 3. HP: 28/28 MP: 4/6
   335 | D:1      | Learned a level 2 spell: Passwall
   339 | D:1      | Learned a level 3 spell: Stone Arrow
   349 | D:1      | Reached skill level 4 in Stealth
   785 | D:2      | Identified the ring of Pyod {rF+++ EV+5 Str-4 Dex+4}
   976 | D:2      | Reached XP level 4. HP: 36/36 MP: 5/7
  1707 | D:3      | Noticed Jessica
  1711 | D:3      | Killed Jessica
  1733 | D:3      | Noticed Natasha
  1741 | D:3      | Reached skill level 5 in Stealth
  1741 | D:3      | Reached skill level 5 in Earth Magic
  1741 | D:3      | Reached XP level 5. HP: 37/42 MP: 8/8
  1751 | D:3      | Killed Natasha
  1820 | D:3      | Found an ornate altar of the Wu Jian Council.
  1866 | D:3      | Noticed Natasha
  1878 | D:3      | Killed Natasha
  1936 | D:3      | Noticed Natasha
  1944 | D:3      | Killed Natasha
  1945 | D:3      | Reached skill level 6 in Stealth
  1945 | D:3      | Reached XP level 6. HP: 43/49 MP: 6/9
  2500 | D:4      | Reached XP level 7. HP: 55/55 MP: 10/10
  2513 | D:4      | Reached skill level 7 in Stealth
  2523 | D:4      | Found a broken altar of Ashenzari.
  2548 | D:4      | Found a staircase to the Ecumenical Temple.
  2588 | Temple   | Entered the Ecumenical Temple
  2754 | Temple   | Became a worshipper of Kikubaaqudgha
  2972 | D:4      | Reached skill level 1 in Necromancy
  3040 | D:4      | Reached * piety under Kikubaaqudgha
  3040 | D:4      | Received a gift from Kikubaaqudgha
  3044 | D:4      | Learned a level 2 spell: Sublimation of Blood
  3047 | D:4      | Learned a level 2 spell: Blink
  3157 | D:5      | Entered Level 5 of the Dungeon
  3464 | D:5      | Found a burning altar of Makhleb.
  3466 | D:5      | Reached XP level 8. HP: 62/62 MP: 10/12
  3469 | D:5      | Found a radiant altar of Vehumet.
  3881 | D:5      | Reached skill level 8 in Stealth
  4024 | D:5      | Reached skill level 1 in Ice Magic
  4667 | D:7      | Reached skill level 9 in Stealth
  4667 | D:7      | Reached XP level 9. HP: 67/68 MP: 12/16
  4731 | D:7      | Found a hazy altar of Hepliaklqana.
  4752 | D:7      | Reached skill level 5 in Spellcasting
  4795 | D:7      | Reached skill level 5 in Necromancy
  4842 | D:7      | Noticed Duvessa
  4842 | D:7      | Noticed Dowan
  4846 | D:7      | Killed Duvessa
  4852 | D:7      | Killed Dowan
  4926 | D:7      | Found a glowing silver altar of Zin.
  4926 | D:7      | Noticed an angel
  4960 | D:7      | Reached ** piety under Kikubaaqudgha
  6029 | D:8      | Reached skill level 10 in Stealth
  6082 | D:8      | Found a hide-covered altar of Uskayaw.
  6251 | D:8      | Reached XP level 10. HP: 75/75 MP: 17/19
  6305 | D:8      | Reached skill level 5 in Ice Magic
  6632 | D:9      | Found a runed translucent gate.
  6634 | D:9      | Found a runed translucent gate.
  6635 | D:9      | Found a runed translucent gate.
  6636 | D:9      | Found an opulent altar of Gozag.
  6637 | D:9      | Noticed an obsidian statue
  6638 | D:9      | Noticed NinjaNoafa's ghost (novice DrCj)
  6639 | D:9      | Noticed a green ugly thing
  6639 | D:9      | Found Ogesseg's Assorted Antiques.
  6651 | D:9      | Reached *** piety under Kikubaaqudgha
  6651 | D:9      | Received a gift from Kikubaaqudgha
  6659 | D:9      | Learned a level 4 spell: Anguish
  6675 | D:9      | Learned a level 5 spell: Borgnjor's Vile Clutch
  6966 | D:9      | Reached skill level 11 in Stealth
  7424 | D:9      | Noticed a two-headed ogre
  7429 | D:9      | Killed a two-headed ogre
  7499 | D:9      | Found a staircase to the Lair.
  7590 | D:9      | Noticed a boulder beetle
  7598 | D:9      | Noticed a cyclops
  7636 | D:9      | Killed a boulder beetle
  7637 | D:9      | Reached XP level 11. HP: 15/81 MP: 2/23
  7953 | D:9      | Reached skill level 12 in Stealth
  8124 | D:9      | Killed a cyclops
  8136 | D:9      | Reached **** piety under Kikubaaqudgha
  8223 | D:9      | Noticed a salamander
  8232 | D:9      | Noticed a manticore
  8234 | D:9      | a manticore changed into a snapping turtle
  8248 | D:9      | Noticed a deep elf archer
  8260 | D:9      | Shot with an arrow by a deep elf archer

Illustrated notes

Levels and vault maps discovered:
D:1:      dpeg_arrival_castle, layout_loops_cross, minmay_heptomino_l4
D:2:      layout_basic
D:3:      layout_basic, mainiacjoe_overflow_24_doors, uniq_natasha, uniq_jessica
D:4:      cheibrodos_barr_body, layout_rooms, ashenzari_altar_1,
          minmay_temple_entry_statues_fountains, grunt_decor_one_mirror
D:5:      layout_basic, grunt_temple_overflow_lords_of_destruction,
          minmay_stone_trees_small
D:6:      layout_cave_pools
D:7:      layout_loops_ring, mainiacjoe_overflow_boulevard, zin_angel,
          serial_bayou, serial_bayou_pond_c, serial_bayou_ford_a,
          serial_bayou_pond_b, serial_bayou_shore_a, uniq_duvessa
D:8:      layout_basic, mainiacjoe_overflow_tiny_flanked
D:9:      minmay_sliced_demisemicircle, layout_small_grid, dpeg_oklobed_lair,
          ebering_ghost_gozag
Temple:   nicolae_temple_bog_church

Skill      XL: |  1  2  3  4  5  6  7  8  9 10 11 |
---------------+----------------------------------+-----
Stealth        | 4 5 6 7 9 10 11 12 | 12.3
Earth Magic    | 4 5 6 7 |  7.0
Necromancy     | 2 4 6 8 9 |  9.1
Spellcasting   | 3 4 6 8 |  8.7
Ice Magic      | 2 4 5 |  5.2
Dodging        | |  1.5
Transmutations | |  1.0

Action                     |  1- 3 |  4- 6 |  7- 9 | 10-12 || total
---------------------------+-------+-------+-------+-------++-------
  Melee: Dagger            |       |       |     5 |       ||     5
  Throw: Dart              |       |       |       |     3 ||     3
   Cast: Sandblast         |    51 |    81 |   216 |    45 ||   393
         Stone Arrow       |       |       |    31 |    61 ||    92
         Borgnjor's Vile C |       |       |       |    28 ||    28
    Use: Scroll            |       |       |       |    14 ||    14
         Potion            |       |       |       |     1 ||     1
 Armour: Robe              |     8 |       |       |       ||     8
         Leather armour    |       |    19 |    89 |    68 ||   176
  Dodge: Dodged            |    15 |    44 |   158 |    96 ||   313

Table legend: (Time is in decaauts)
 A = Elapsed time spent in this place.
 B = Non-inter-level travel time spent in this place.
 C = Inter-level travel time spent in this place.
 D = Time resting spent in this place.
 E = Time spent auto-exploring this place.
 F = Levels seen in this place.
 G = Mean time per level.
                   A        B        C        D        E       F      G
               +--------+--------+--------+--------+--------+-----+--------+
         Total |  10669 |  10265 |    404 |      0 |   8267 |  10 | 1066.9 |
       Dungeon |  10408 |  10057 |    351 |      0 |   8078 |   9 | 1156.4 |
        Temple |    260 |    207 |     53 |      0 |    189 |   1 |  260.0 |
               +--------+--------+--------+--------+--------+-----+--------+

Top non-repeatable levels by time:
     D:9: 1927 daAuts
     D:7: 1630 daAuts
     D:2: 1237 daAuts
     D:5: 1200 daAuts
     D:3: 987 daAuts
     D:1: 956 daAuts
     D:8: 943 daAuts
     D:4: 818 daAuts
     D:6: 707 daAuts
  Temple: 260 daAuts
